Sabres vs Penguins
Created - 3 février 2014 at 19:07
Goals
|
| Sabres |
2 |
0 |
2 |
4 |
| Penguins |
0 |
1 |
0 |
1 |
|
Shots
|
| Sabres |
13 |
13 |
6 |
32 |
| Penguins |
6 |
7 |
10 |
23 |
|
1st period
1. Sabres , Peter Prucha 5 (Dominic Moore, Johnny Boychuk) at 15:38
2. Sabres , Niclas Bergfors 23 (James Neal, Derick Brassard) at 16:32
Penalties :
Dominic Moore (Buf) for Holding (Minor) at 17:19
2nd period
3. Penguins , Steven Reinprecht 5 (Steve Staios, Brooks Orpik) at 5:24
Penalties :
Darren Reid (Pit) for Holding (Minor) at 5:46, Brian McGrattan (Pit) for Tripping (Minor) at 9:46, Tom Preissing (Pit) for Tripping (Minor) at 12:27
3rd period
4. Sabres , Nathan Paetsch 1 (Niclas Bergfors, Derick Brassard) at 4:48
5. Sabres , James Neal 11 (Niclas Bergfors, Curtis Glencross) at 7:33
Penalties :
Ryan Hollweg (Buf) for Hooking (Minor) at 0:17, Steve Downie (Buf) for High sticking (Minor) at 5:10, Ville Peltonen (Pit) for Hooking (Minor) at 12:15
Goalie Stats
Ty Conklin (Buf), 22 saves from 23 shots - (0,957), W, 10-10-2, 60:00 minutes
Brian Elliott (Pit), 28 saves from 32 shots - (0,875), L, 14-8-7, 60:00 minutes
Players Stats for Sabres
Player Name G A P +/- PIM S H SB GA TA FO MP PP MP PK MP
------------------------------------------------------------------------------------
Boyd Devereaux 0 0 0 0 0 1 1 1 0 0 1/6 10:15 0:13 2:24
Craig Rivet 0 0 0 1 0 2 2 1 0 0 0/0 22:15 4:28 1:31
Curtis Glencross 0 1 1 0 0 0 0 0 0 0 0/0 9:12 0:00 1:22
Derick Brassard 0 2 2 3 0 3 2 0 2 0 22/33 21:59 4:08 0:21
Dominic Moore 0 1 1 1 2 3 2 0 0 0 2/5 11:25 0:00 2:08
James Neal 1 1 2 3 0 2 2 1 0 1 0/0 21:53 4:08 0:16
Jason Smith 0 0 0 0 0 1 0 0 0 0 0/0 13:00 0:38 0:59
Johnny Boychuk 0 1 1 1 0 0 1 0 0 2 0/0 21:47 4:15 1:31
Kyle Calder 0 0 0 0 0 0 0 0 0 1 1/1 8:36 0:13 1:31
Ladislav Smid 0 0 0 1 0 0 0 1 0 1 0/0 13:33 0:18 2:30
Mats Sundin 0 0 0 -1 0 1 1 1 1 0 4/15 18:57 3:35 3:07
Mike Fisher 0 0 0 1 0 0 1 0 0 0 0/0 9:17 0:00 0:00
Nathan Paetsch 1 0 1 2 0 2 1 0 0 2 0/0 20:04 2:32 1:41
Niclas Bergfors 1 2 3 3 0 12 1 0 2 0 0/2 21:37 4:08 0:00
Ole-Kristian Tollefsen 0 0 0 1 0 1 0 2 0 1 0/0 27:56 3:41 3:42
Peter Prucha 1 0 1 1 0 2 1 0 0 0 0/0 9:37 0:13 0:00
Ryan Hollweg 0 0 0 -1 2 1 3 0 0 0 0/0 15:50 3:35 0:00
Steve Downie 0 0 0 -1 2 1 3 2 0 0 2/2 16:47 3:35 0:45
Players Stats for Penguins
Player Name G A P +/- PIM S H SB GA TA FO MP PP MP PK MP
------------------------------------------------------------------------------------
Brian McGrattan 0 0 0 -1 2 3 1 0 1 0 0/0 18:58 2:49 1:11
Brooks Orpik 0 1 1 -1 0 1 1 3 0 3 0/0 28:28 3:50 4:56
Carlo Colaiacovo 0 0 0 -2 0 1 0 1 0 0 0/0 12:37 0:00 0:57
Dainius Zubrus 0 0 0 -1 0 0 0 0 1 0 0/0 5:13 0:00 0:00
Dan Hamhuis 0 0 0 0 0 0 1 0 2 2 0/0 20:21 2:07 3:00
Darren Reid 0 0 0 0 2 0 2 0 0 0 2/5 21:31 3:08 3:12
Denis Arkhipov 0 0 0 -1 0 2 0 0 0 0 4/6 12:12 0:00 0:35
Dennis Seidenberg 0 0 0 0 0 0 0 0 0 0 0/0 2:42 0:00 0:00
Marc-Édouard Vlasic 0 0 0 -2 0 0 0 0 0 0 0/0 10:41 0:00 0:00
Mike Watt 0 0 0 -1 0 0 1 0 0 0 0/0 7:10 0:00 1:47
Raffi Torres 0 0 0 -1 0 3 2 0 0 0 0/1 13:49 0:00 2:38
Ryan Kesler 0 0 0 -1 0 1 1 3 1 0 17/37 25:58 3:08 4:32
Steve Staios 0 1 1 -1 0 0 0 0 0 0 0/0 26:16 3:50 4:56
Steven Reinprecht 1 0 1 -1 0 6 3 0 1 0 8/12 17:53 2:49 0:00
Taylor Pyatt 0 0 0 0 0 4 2 0 0 0 1/2 20:10 3:08 1:57
Ted Purcell 0 0 0 -1 0 0 3 0 0 0 0/1 11:07 0:00 0:00
Tom Preissing 0 0 0 0 2 0 0 1 2 0 0/0 18:59 2:07 2:03
Ville Peltonen 0 0 0 -1 2 2 1 0 0 0 0/0 17:55 2:49 0:00
3 Stars
1 - Niclas Bergfors (Buf)
2 - James Neal (Buf)
3 - Derick Brassard (Buf)
Power Play
Sabres - 0 on 4 Attempt(s) - 0,00%
Penguins - 0 on 3 Attempt(s) - 0,00%
Penalty Kill
Sabres - 3 on 3 Attempt(s) - 100,00%
- Score 0 goal in Penalty Kill
Penguins - 4 on 4 Attempt(s) - 100,00%
- Score 0 goal in Penalty Kill
Official
Referees : Leggo Mike and StLaurent Francois
Linesman : Shane Heyer and Bryan Pancich
Game Notes
Jason Smith is injured at 7:08 of 2nd period (Bruised Left Arm)
Finance
Level 1 -- Attendance: 5310 (88,50%) -- Ticket Income 446 040 $
Level 2 -- Attendance: 5000 (100,00%) -- Ticket Income 215 000 $
Level 3 -- Attendance: 1907 (95,35%) -- Ticket Income 45 768 $
Level 4 -- Attendance: 3792 (94,80%) -- Ticket Income 72 048 $
Luxury Box -- Attendance: 905 (90,50%) -- Ticket Income 146 610 $
Game was played at the Igloo
Total Attendance: 16914 (93,97%)
Total Ticket Income: 925 466 $
Other Income: 138 820 $
Total Income: 1 064 286 $
Sabres
5 vs 5 Forward
Center Left Wing Right Wing Time % Phy DF OF
1 Derick Brassard James Neal Niclas Bergfors 40 0 3 2
2 Mats Sundin Ryan Hollweg Steve Downie 30 2 1 2
3 Dominic Moore Mike Fisher Peter Prucha 20 1 2 2
4 Boyd Devereaux Curtis Glencross Kyle Calder 10 1 4 0
5 vs 5 Defense
Defense Defense Time % Phy DF OF
1 Ole-Kristian Tollefsen Jason Smith 40 1 3 1
2 Johnny Boychuk Craig Rivet 30 1 3 1
3 Ladislav Smid Nathan Paetsch 20 1 3 1
4 Ole-Kristian Tollefsen Jason Smith 10 1 1 3
PowerPlay Forward
Center Left Wing Right Wing Time % Phy DF OF
1 Derick Brassard James Neal Niclas Bergfors 60 0 1 4
2 Mats Sundin Ryan Hollweg Steve Downie 40 2 0 3
PowerPlay Defense
Defense Defense Time % Phy DF OF
1 Johnny Boychuk Craig Rivet 60 1 1 3
2 Ole-Kristian Tollefsen Jason Smith 40 1 1 3
Penalty Kill 4 Players Forward
Center Wing Time % Phy DF OF
1 Dominic Moore Mats Sundin 60 0 5 0
2 Boyd Devereaux Steve Downie 40 1 4 0
Penalty Kill 4 Players Defense
Defense Defense Time % Phy DF OF
1 Ole-Kristian Tollefsen Jason Smith 60 1 4 0
2 Johnny Boychuk Craig Rivet 40 1 4 0
Penalty Kill - 3 Players Forward
Forward Time % Phy DF OF
1 Dominic Moore 60 0 5 0
2 Boyd Devereaux 40 0 5 0
Penalty Kill - 3 Players Defense
Defense Defense Time % Phy DF OF
1 Ole-Kristian Tollefsen Jason Smith 60 1 4 0
2 Johnny Boychuk Craig Rivet 40 1 4 0
4 vs 4 Forward
Center Wing Time % Phy DF OF
1 Boyd Devereaux Niclas Bergfors 60 0 3 2
2 Dominic Moore Steve Downie 40 1 3 1
4 vs 4 Defense
Defense Defense Time % Phy DF OF
1 Johnny Boychuk Craig Rivet 60 1 3 1
2 Ole-Kristian Tollefsen Jason Smith 40 1 3 1
Last Minutes Offensive
Center Left Wing Right Wing Defense Defense
Derick Brassard Mats Sundin Niclas Bergfors Ole-Kristian Tollefsen Jason Smith
Last Minutes Defensive
Center Left Wing Right Wing Defense Defense
Dominic Moore Boyd Devereaux Mats Sundin Ole-Kristian Tollefsen Jason Smith
Goaltenders
Starting : Ty Conklin
Backup : Mike Brodeur
Extra Forwards
Normal : Niclas Bergfors, Ryan Hollweg, Dominic Moore - PP : Kyle Calder, Peter Prucha - PK : Kyle Calder
Extra Defensemen
Normal : Nathan Paetsch, Ladislav Smid, Johnny Boychuk - PP : Nathan Paetsch - PK : Ladislav Smid, Nathan Paetsch
Penalty Shots
Peter Prucha, Niclas Bergfors, Dominic Moore, Mike Fisher, Boyd Devereaux
Penguins
5 vs 5 Forward
Center Left Wing Right Wing Time % Phy DF OF
1 Ryan Kesler Taylor Pyatt Darren Reid 40 1 2 2
2 Steven Reinprecht Ville Peltonen Brian McGrattan 30 1 2 2
3 Denis Arkhipov Raffi Torres Ted Purcell 20 1 2 2
4 Ryan Kesler Mike Watt Dainius Zubrus 10 1 2 2
5 vs 5 Defense
Defense Defense Time % Phy DF OF
1 Brooks Orpik Steve Staios 40 1 2 2
2 Dan Hamhuis Tom Preissing 30 1 2 2
3 Marc-Édouard Vlasic Carlo Colaiacovo 20 1 2 2
4 Dennis Seidenberg Brooks Orpik 10 1 2 2
PowerPlay Forward
Center Left Wing Right Wing Time % Phy DF OF
1 Ryan Kesler Taylor Pyatt Darren Reid 60 1 2 2
2 Steven Reinprecht Ville Peltonen Brian McGrattan 40 1 2 2
PowerPlay Defense
Defense Defense Time % Phy DF OF
1 Brooks Orpik Steve Staios 60 1 2 2
2 Dan Hamhuis Tom Preissing 40 1 2 2
Penalty Kill 4 Players Forward
Center Wing Time % Phy DF OF
1 Ryan Kesler Darren Reid 60 1 2 2
2 Taylor Pyatt Brian McGrattan 40 1 2 2
Penalty Kill 4 Players Defense
Defense Defense Time % Phy DF OF
1 Brooks Orpik Steve Staios 60 1 2 2
2 Dan Hamhuis Tom Preissing 40 1 2 2
Penalty Kill - 3 Players Forward
Forward Time % Phy DF OF
1 Ryan Kesler 60 1 2 2
2 Darren Reid 40 1 2 2
Penalty Kill - 3 Players Defense
Defense Defense Time % Phy DF OF
1 Brooks Orpik Steve Staios 60 1 2 2
2 Dan Hamhuis Tom Preissing 40 1 2 2
4 vs 4 Forward
Center Wing Time % Phy DF OF
1 Ryan Kesler Darren Reid 60 1 2 2
2 Taylor Pyatt Brian McGrattan 40 1 2 2
4 vs 4 Defense
Defense Defense Time % Phy DF OF
1 Brooks Orpik Steve Staios 60 1 2 2
2 Dan Hamhuis Tom Preissing 40 1 2 2
Last Minutes Offensive
Center Left Wing Right Wing Defense Defense
Ryan Kesler Taylor Pyatt Darren Reid Brooks Orpik Steve Staios
Last Minutes Defensive
Center Left Wing Right Wing Defense Defense
Ryan Kesler Taylor Pyatt Darren Reid Brooks Orpik Steve Staios
Goaltenders
Starting : Brian Elliott
Backup : Ondrej Pavelec
Extra Forwards
Normal : Ted Purcell, Dainius Zubrus, Raffi Torres - PP : Ted Purcell, Dainius Zubrus - PK : Raffi Torres
Extra Defensemen
Normal : Marc-Édouard Vlasic, Carlo Colaiacovo, Dennis Seidenberg - PP : Marc-Édouard Vlasic - PK : Carlo Colaiacovo, Dennis Seidenberg
Penalty Shots
Ryan Kesler, Darren Reid, Taylor Pyatt, Brian McGrattan, Ville Peltonen
% Time on Ice - Sabres
Lines # - Real PCT - Wanted PCT - Time Play
Normal Forward
1 - 39% - 40% - 17:53
2 - 27% - 30% - 12:14
3 - 20% - 20% - 9:17
4 - 15% - 10% - 6:43
Normal Defense
1 - 46% - 40% - 21:20
2 - 29% - 30% - 13:32
3 - 17% - 20% - 7:53
4 - 7% - 10% - 3:22
PP Forward
1 - 55% - 60% - 4:21
2 - 45% - 40% - 3:35
PP Defense
1 - 52% - 60% - 4:07
2 - 48% - 40% - 3:49
PK Forward
1 - 78% - 60% - 4:39
2 - 22% - 40% - 1:18
PK Defense
1 - 75% - 60% - 4:26
2 - 25% - 40% - 1:31
PK3 Forward
1 - 0% - 60%
2 - 0% - 40%
PK3 Defense
1 - 0% - 60%
2 - 0% - 40%
44 Forward
1 - 0% - 60%
2 - 0% - 40%
44 Defense
1 - 0% - 60%
2 - 0% - 40%
Last Minute Offensive - 0:00
Last Minute Defensive - 0:00
Total
Forward - 60:00
Defense - 60:00
|
% Time on Ice - Penguins
Lines # - Real PCT - Wanted PCT - Time Play
Normal Forward
1 - 33% - 40% - 15:20
2 - 32% - 30% - 14:59
3 - 23% - 20% - 10:35
4 - 11% - 10% - 5:13
Normal Defense
1 - 38% - 40% - 17:30
2 - 33% - 30% - 15:14
3 - 23% - 20% - 10:41
4 - 6% - 10% - 2:42
PP Forward
1 - 53% - 60% - 3:08
2 - 47% - 40% - 2:49
PP Defense
1 - 64% - 60% - 3:50
2 - 36% - 40% - 2:07
PK Forward
1 - 75% - 60% - 5:59
2 - 25% - 40% - 1:57
PK Defense
1 - 62% - 60% - 4:56
2 - 38% - 40% - 3:00
PK3 Forward
1 - 0% - 60%
2 - 0% - 40%
PK3 Defense
1 - 0% - 60%
2 - 0% - 40%
44 Forward
1 - 0% - 60%
2 - 0% - 40%
44 Defense
1 - 0% - 60%
2 - 0% - 40%
Last Minute Offensive - 0:00
Last Minute Defensive - 0:00
Total
Forward - 60:00
Defense - 60:00
|
Play by Play
1st period
0:01 of 1st period - Derick Brassard wins face-off versus Darren Reid in neutral zone.
0:03 of 1st period - Off-side.
0:04 of 1st period - Derick Brassard wins face-off versus Ryan Kesler in neutral zone.
0:17 of 1st period - Slapshot by Derick Brassard.
0:17 of 1st period - Shot Misses the Net.
1:02 of 1st period - Off-side.
1:03 of 1st period - Ryan Kesler wins face-off versus Dominic Moore in neutral zone.
1:30 of 1st period - Tom Preissing is hit by James Neal.
1:36 of 1st period - Snap shot by Derick Brassard.
1:36 of 1st period - Stopped by Brian Elliott with a rebound.
1:38 of 1st period - Slapshot by Ole-Kristian Tollefsen.
1:38 of 1st period - Shot Misses the Net.
2:00 of 1st period - Snap shot by Raffi Torres.
2:00 of 1st period - Shot Misses the Net.
2:06 of 1st period - Tom Preissing is hit by Steve Downie and loses puck.
3:23 of 1st period - Ladislav Smid is hit by Darren Reid and loses puck.
3:32 of 1st period - Darren Reid is hit by Ryan Hollweg and loses puck.
4:13 of 1st period - Snap shot by Niclas Bergfors.
4:13 of 1st period - Stopped by Brian Elliott without a rebound.
4:14 of 1st period - Derick Brassard wins face-off versus Ryan Kesler in Penguins zone.
4:23 of 1st period - Slapshot by Derick Brassard.
4:23 of 1st period - Shot Misses the Net.
4:56 of 1st period - Slapshot by Niclas Bergfors.
4:56 of 1st period - Shot Misses the Net.
4:58 of 1st period - Slapshot by Jason Smith.
4:58 of 1st period - Shot Blocked by Brooks Orpik.
5:32 of 1st period - Wrist shot by Niclas Bergfors.
5:32 of 1st period - Shot Misses the Net.
5:34 of 1st period - Wrist shot by Niclas Bergfors.
5:34 of 1st period - Shot Blocked by Ryan Kesler.
5:36 of 1st period - Slapshot by Jason Smith.
5:36 of 1st period - Shot Blocked by Brooks Orpik.
5:38 of 1st period - Backhand shot by James Neal.
5:38 of 1st period - Stopped by Brian Elliott without a rebound.
5:39 of 1st period - Mats Sundin wins face-off versus Steven Reinprecht in Penguins zone.
5:54 of 1st period - Wrist shot by Steven Reinprecht.
5:54 of 1st period - Stopped by Ty Conklin without a rebound.
5:55 of 1st period - Denis Arkhipov wins face-off versus Dominic Moore in Sabres zone.
6:10 of 1st period - Snap shot by Denis Arkhipov.
6:10 of 1st period - Shot Misses the Net.
6:29 of 1st period - Wrist shot by Steven Reinprecht.
6:29 of 1st period - Shot Blocked by Mats Sundin.
6:45 of 1st period - Wrist shot by Raffi Torres.
6:45 of 1st period - Shot Misses the Net.
7:40 of 1st period - Ladislav Smid is hit by Steven Reinprecht and loses puck.
8:09 of 1st period - Ryan Hollweg is hit by Steven Reinprecht and loses puck.
9:38 of 1st period - Snap shot by Mike Watt.
9:38 of 1st period - Deflect By Raffi Torres.
9:38 of 1st period - Stopped by Ty Conklin without a rebound.
9:39 of 1st period - Dominic Moore wins face-off versus Raffi Torres in Sabres zone.
10:41 of 1st period - Off-side.
10:42 of 1st period - Denis Arkhipov wins face-off versus Boyd Devereaux in neutral zone.
11:09 of 1st period - Ladislav Smid is hit by Darren Reid and loses puck.
11:48 of 1st period - Ole-Kristian Tollefsen is hit by Steven Reinprecht and loses puck.
11:57 of 1st period - Snap shot by Brian McGrattan.
11:57 of 1st period - Stopped by Ty Conklin without a rebound.
11:58 of 1st period - Derick Brassard wins face-off versus Darren Reid in Sabres zone.
12:02 of 1st period - Off-side.
12:03 of 1st period - Ryan Kesler wins face-off versus Niclas Bergfors in neutral zone.
12:12 of 1st period - Snap shot by Niclas Bergfors.
12:12 of 1st period - Stopped by Brian Elliott without a rebound.
12:13 of 1st period - Derick Brassard wins face-off versus Ryan Kesler in Penguins zone.
12:28 of 1st period - Snap shot by Taylor Pyatt.
12:28 of 1st period - Stopped by Ty Conklin with a rebound.
13:10 of 1st period - Wrist shot by Dominic Moore.
13:10 of 1st period - Stopped by Brian Elliott with a rebound.
13:52 of 1st period - Slapshot by Craig Rivet.
13:52 of 1st period - Stopped by Brian Elliott without a rebound.
13:53 of 1st period - Boyd Devereaux wins face-off versus Steven Reinprecht in Penguins zone.
14:20 of 1st period - Ole-Kristian Tollefsen is hit by Brian McGrattan and loses puck.
14:35 of 1st period - Snap shot by Steven Reinprecht.
14:35 of 1st period - Stopped by Ty Conklin without a rebound.
14:36 of 1st period - Ryan Kesler wins face-off versus Derick Brassard in Sabres zone.
14:39 of 1st period - Snap shot by Darren Reid.
14:39 of 1st period - Shot Misses the Net.
14:47 of 1st period - Snap shot by Derick Brassard.
14:47 of 1st period - Stopped by Brian Elliott without a rebound.
14:48 of 1st period - Derick Brassard wins face-off versus Ryan Kesler in Penguins zone.
14:51 of 1st period - Slapshot by Niclas Bergfors.
14:51 of 1st period - Stopped by Brian Elliott with a rebound.
14:53 of 1st period - Slapshot by Jason Smith.
14:53 of 1st period - Stopped by Brian Elliott with a rebound.
15:13 of 1st period - Steve Downie is hit by Raffi Torres and loses puck.
15:36 of 1st period - Slapshot by Dominic Moore.
15:36 of 1st period - Stopped by Brian Elliott with a rebound.
15:38 of 1st period - Wrist shot by Peter Prucha.
15:38 of 1st period - Goal by Peter Prucha - Sabres : 1 - Penguins : 0.
15:39 of 1st period - Ryan Kesler wins face-off versus Derick Brassard in neutral zone.
15:44 of 1st period - Snap shot by Ryan Kesler.
15:44 of 1st period - Deflect By Jason Smith.
15:44 of 1st period - Shot Blocked by Ole-Kristian Tollefsen.
15:44 of 1st period - Puck is out of play.
15:45 of 1st period - Derick Brassard wins face-off versus Ryan Kesler in Sabres zone.
16:30 of 1st period - Snap shot by Niclas Bergfors.
16:30 of 1st period - Shot Misses the Net.
16:32 of 1st period - Slapshot by James Neal.
16:32 of 1st period - Deflect By Niclas Bergfors.
16:32 of 1st period - Goal by Niclas Bergfors - Sabres : 2 - Penguins : 0.
16:33 of 1st period - Mats Sundin wins face-off versus Ryan Kesler in neutral zone.
16:36 of 1st period - Snap shot by Steve Downie.
16:36 of 1st period - Stopped by Brian Elliott without a rebound.
16:37 of 1st period - Taylor Pyatt wins face-off versus Mats Sundin in Penguins zone.
16:43 of 1st period - Off-side.
16:44 of 1st period - Ryan Kesler wins face-off versus Mats Sundin in neutral zone.
17:09 of 1st period - Steve Staios is hit by Dominic Moore and loses puck.
17:19 of 1st period - Minor Penalty to Dominic Moore for Holding.
17:20 of 1st period - Kyle Calder wins face-off versus Taylor Pyatt in Sabres zone.
17:29 of 1st period - Snap shot by Taylor Pyatt.
17:29 of 1st period - Stopped by Ty Conklin with a rebound.
18:15 of 1st period - Ole-Kristian Tollefsen is hit by Taylor Pyatt.
19:19 of 1st period - Penalty to Dominic Moore is over, Dominic Moore is back on ice.
19:26 of 1st period - Tom Preissing is hit by Mike Fisher and loses puck.
19:39 of 1st period - Ted Purcell is hit by James Neal.
Goals for this period are 2 for Sabres vs 0 for Penguins.
Shots for this period are 13 for Sabres vs 6 for Penguins.
2nd period
0:01 of 2nd period - Derick Brassard wins face-off versus Ryan Kesler in neutral zone.
0:07 of 2nd period - Off-side.
0:08 of 2nd period - Derick Brassard wins face-off versus Ryan Kesler in neutral zone.
1:04 of 2nd period - Wrist shot by Dominic Moore.
1:04 of 2nd period - Shot Misses the Net.
1:06 of 2nd period - Slapshot by Dominic Moore.
1:06 of 2nd period - Stopped by Brian Elliott with a rebound.
1:50 of 2nd period - Backhand shot by Derick Brassard.
1:50 of 2nd period - Stopped by Brian Elliott without a rebound.
1:51 of 2nd period - Steve Downie wins face-off versus Ryan Kesler in Penguins zone.
2:00 of 2nd period - Snap shot by Ryan Hollweg.
2:00 of 2nd period - Stopped by Brian Elliott with a rebound.
2:02 of 2nd period - Slapshot by Craig Rivet.
2:02 of 2nd period - Stopped by Brian Elliott without a rebound.
2:03 of 2nd period - Derick Brassard wins face-off versus Ryan Kesler in Penguins zone.
2:28 of 2nd period - Darren Reid is hit by Peter Prucha and loses puck.
4:39 of 2nd period - Wrist shot by Ryan Hollweg.
4:39 of 2nd period - Deflect By Mats Sundin.
4:39 of 2nd period - Stopped by Brian Elliott without a rebound.
4:40 of 2nd period - Derick Brassard wins face-off versus Steven Reinprecht in Penguins zone.
4:52 of 2nd period - Off-side.
4:53 of 2nd period - Derick Brassard wins face-off versus Ryan Kesler in neutral zone.
4:56 of 2nd period - Slapshot by Ole-Kristian Tollefsen.
4:56 of 2nd period - Stopped by Brian Elliott with a rebound.
5:17 of 2nd period - Jason Smith is hit by Ville Peltonen and loses puck.
5:22 of 2nd period - Snap shot by Steven Reinprecht.
5:22 of 2nd period - Shot Misses the Net.
5:24 of 2nd period - Snap shot by Steve Staios.
5:24 of 2nd period - Deflect By Steven Reinprecht.
5:24 of 2nd period - Goal by Steven Reinprecht - Sabres : 2 - Penguins : 1.
5:25 of 2nd period - Ryan Kesler wins face-off versus Derick Brassard in neutral zone.
5:28 of 2nd period - James Neal is hit by Ryan Kesler and loses puck.
5:35 of 2nd period - Snap shot by Niclas Bergfors.
5:35 of 2nd period - Stopped by Brian Elliott without a rebound.
5:36 of 2nd period - Darren Reid wins face-off versus Mats Sundin in Penguins zone.
5:46 of 2nd period - Minor Penalty to Darren Reid for Holding.
5:47 of 2nd period - Derick Brassard wins face-off versus Ryan Kesler in Penguins zone.
5:51 of 2nd period - Slapshot by Niclas Bergfors.
5:51 of 2nd period - Stopped by Brian Elliott without a rebound.
5:52 of 2nd period - Derick Brassard wins face-off versus Ryan Kesler in Penguins zone.
6:07 of 2nd period - Slapshot by Derick Brassard.
6:07 of 2nd period - Shot Misses the Net.
6:23 of 2nd period - Wrist shot by Ryan Hollweg.
6:23 of 2nd period - Shot Blocked by Ryan Kesler.
7:07 of 2nd period - Jason Smith is hit by Dan Hamhuis and loses puck.
7:08 of 2nd period - Jason Smith from Sabres is injured at 7:08 of 2nd period (Bruised Left Arm).
7:09 of 2nd period - Derick Brassard wins face-off versus Ryan Kesler in Sabres zone.
7:41 of 2nd period - Slapshot by Craig Rivet.
7:41 of 2nd period - Shot Blocked by Brooks Orpik.
7:46 of 2nd period - Penalty to Darren Reid is over, Darren Reid is back on ice.
8:03 of 2nd period - Slapshot by Peter Prucha.
8:03 of 2nd period - Stopped by Brian Elliott without a rebound.
8:04 of 2nd period - Derick Brassard wins face-off versus Denis Arkhipov in Penguins zone.
8:07 of 2nd period - Wrist shot by Niclas Bergfors.
8:07 of 2nd period - Stopped by Brian Elliott without a rebound.
8:08 of 2nd period - Derick Brassard wins face-off versus Denis Arkhipov in Penguins zone.
8:09 of 2nd period - Snap shot by Niclas Bergfors.
8:09 of 2nd period - Stopped by Brian Elliott with a rebound.
8:42 of 2nd period - Off-side.
8:43 of 2nd period - Steven Reinprecht wins face-off versus Derick Brassard in neutral zone.
8:48 of 2nd period - Slapshot by Steve Staios.
8:48 of 2nd period - Shot Blocked by Craig Rivet.
8:58 of 2nd period - Snap shot by Niclas Bergfors.
8:58 of 2nd period - Stopped by Brian Elliott without a rebound.
8:59 of 2nd period - Ryan Kesler wins face-off versus Mats Sundin in Penguins zone.
9:31 of 2nd period - Snap shot by Derick Brassard.
9:31 of 2nd period - Deflect By Brooks Orpik.
9:31 of 2nd period - Shot Misses the Net.
9:31 of 2nd period - Puck is out of play.
9:32 of 2nd period - Steven Reinprecht wins face-off versus Niclas Bergfors in Penguins zone.
9:37 of 2nd period - Wrist shot by Brian McGrattan.
9:37 of 2nd period - Stopped by Ty Conklin with a rebound.
9:39 of 2nd period - Wrist shot by Steven Reinprecht.
9:39 of 2nd period - Stopped by Ty Conklin without a rebound.
9:40 of 2nd period - Steven Reinprecht wins face-off versus Derick Brassard in Sabres zone.
9:46 of 2nd period - Minor Penalty to Brian McGrattan for Tripping.
9:47 of 2nd period - Derick Brassard wins face-off versus Ryan Kesler in Penguins zone.
10:24 of 2nd period - Tom Preissing is hit by Niclas Bergfors and loses puck.
10:57 of 2nd period - Niclas Bergfors is hit by Raffi Torres.
11:10 of 2nd period - Icing by Mats Sundin.
11:11 of 2nd period - Denis Arkhipov wins face-off versus Mats Sundin in Sabres zone.
11:14 of 2nd period - Snap shot by Denis Arkhipov.
11:14 of 2nd period - Shot Misses the Net.
11:46 of 2nd period - Penalty to Brian McGrattan is over, Brian McGrattan is back on ice.
12:08 of 2nd period - Snap shot by Denis Arkhipov.
12:08 of 2nd period - Stopped by Ty Conklin with a rebound.
12:27 of 2nd period - Minor Penalty to Tom Preissing for Tripping.
12:28 of 2nd period - Ryan Kesler wins face-off versus Derick Brassard in Penguins zone.
12:39 of 2nd period - Slapshot by Nathan Paetsch.
12:39 of 2nd period - Shot Blocked by Ryan Kesler.
13:02 of 2nd period - Wrist shot by Carlo Colaiacovo.
13:02 of 2nd period - Stopped by Ty Conklin without a rebound.
13:03 of 2nd period - Ryan Kesler wins face-off versus Mats Sundin in Sabres zone.
13:14 of 2nd period - Darren Reid is hit by Ryan Hollweg.
13:28 of 2nd period - Carlo Colaiacovo is hit by Derick Brassard and loses puck.
13:51 of 2nd period - Ryan Kesler is hit by Steve Downie and loses puck.
14:27 of 2nd period - Penalty to Tom Preissing is over, Tom Preissing is back on ice.
14:42 of 2nd period - Slapshot by Ole-Kristian Tollefsen.
14:42 of 2nd period - Shot Blocked by Carlo Colaiacovo.
14:44 of 2nd period - Snap shot by Ole-Kristian Tollefsen.
14:44 of 2nd period - Shot Hit the Post.
14:46 of 2nd period - Slapshot by Ladislav Smid.
14:46 of 2nd period - Shot Misses the Net.
14:55 of 2nd period - Off-side.
14:56 of 2nd period - Steven Reinprecht wins face-off versus Boyd Devereaux in neutral zone.
14:59 of 2nd period - Slapshot by Brooks Orpik.
14:59 of 2nd period - Shot Hit the Post.
15:01 of 2nd period - Snap shot by Brian McGrattan.
15:01 of 2nd period - Shot Misses the Net.
15:03 of 2nd period - Snap shot by Ville Peltonen.
15:03 of 2nd period - Shot Misses the Net.
15:05 of 2nd period - Slapshot by Steve Staios.
15:05 of 2nd period - Deflect By Ville Peltonen.
15:05 of 2nd period - Shot Blocked by Boyd Devereaux.
15:05 of 2nd period - Puck is out of play.
15:06 of 2nd period - Derick Brassard wins face-off versus Ryan Kesler in Sabres zone.
15:06 of 2nd period - Derick Brassard is hit by Brooks Orpik.
15:12 of 2nd period - Steve Staios is hit by Derick Brassard and loses puck.
15:33 of 2nd period - Brooks Orpik is hit by Ryan Hollweg and loses puck.
16:35 of 2nd period - Icing by Dan Hamhuis.
16:36 of 2nd period - Steven Reinprecht wins face-off versus Boyd Devereaux in Penguins zone.
16:49 of 2nd period - Snap shot by Nathan Paetsch.
16:49 of 2nd period - Deflect By Kyle Calder.
16:49 of 2nd period - Shot Blocked by Tom Preissing.
16:49 of 2nd period - Puck is out of play.
16:50 of 2nd period - Ryan Kesler wins face-off versus Derick Brassard in Penguins zone.
16:57 of 2nd period - Slapshot by Taylor Pyatt.
16:57 of 2nd period - Stopped by Ty Conklin with a rebound.
17:05 of 2nd period - Wrist shot by Ryan Kesler.
17:05 of 2nd period - Shot Misses the Net.
17:47 of 2nd period - Ted Purcell is hit by Johnny Boychuk and loses puck.
18:39 of 2nd period - Icing by Tom Preissing.
18:40 of 2nd period - Mats Sundin wins face-off versus Steven Reinprecht in Penguins zone.
19:05 of 2nd period - Snap shot by Niclas Bergfors.
19:05 of 2nd period - Stopped by Brian Elliott without a rebound.
19:06 of 2nd period - Denis Arkhipov wins face-off versus Derick Brassard in Penguins zone.
19:15 of 2nd period - Backhand shot by Raffi Torres.
19:15 of 2nd period - Stopped by Ty Conklin with a rebound.
19:37 of 2nd period - Slapshot by Steve Staios.
19:37 of 2nd period - Shot Blocked by James Neal.
Goals for this period are 0 for Sabres vs 1 for Penguins.
Shots for this period are 13 for Sabres vs 7 for Penguins.
3rd period
0:01 of 3rd period - Ryan Kesler wins face-off versus Mats Sundin in neutral zone.
0:17 of 3rd period - Minor Penalty to Ryan Hollweg for Hooking.
0:18 of 3rd period - Ryan Kesler wins face-off versus Dominic Moore in Sabres zone.
0:19 of 3rd period - Snap shot by Darren Reid.
0:19 of 3rd period - Shot Misses the Net.
1:17 of 3rd period - Slapshot by Steve Downie.
1:17 of 3rd period - Deflect By Boyd Devereaux.
1:17 of 3rd period - Shot Misses the Net.
1:17 of 3rd period - Puck is out of play.
1:18 of 3rd period - Steven Reinprecht wins face-off versus Boyd Devereaux in Penguins zone.
2:17 of 3rd period - Penalty to Ryan Hollweg is over, Ryan Hollweg is back on ice.
2:18 of 3rd period - Icing by Dan Hamhuis.
2:19 of 3rd period - Ryan Kesler wins face-off versus Derick Brassard in Penguins zone.
2:28 of 3rd period - Slapshot by Niclas Bergfors.
2:28 of 3rd period - Stopped by Brian Elliott with a rebound.
2:58 of 3rd period - Snap shot by Steven Reinprecht.
2:58 of 3rd period - Stopped by Ty Conklin without a rebound.
2:59 of 3rd period - Derick Brassard wins face-off versus Ryan Kesler in Sabres zone.
3:06 of 3rd period - Snap shot by Nathan Paetsch.
3:06 of 3rd period - Stopped by Brian Elliott without a rebound.
3:07 of 3rd period - Derick Brassard wins face-off versus Ryan Kesler in Penguins zone.
3:32 of 3rd period - Snap shot by Ville Peltonen.
3:32 of 3rd period - Shot Misses the Net.
3:34 of 3rd period - Slapshot by Brooks Orpik.
3:34 of 3rd period - Stopped by Ty Conklin without a rebound.
3:35 of 3rd period - Steven Reinprecht wins face-off versus Mats Sundin in Sabres zone.
3:36 of 3rd period - Snap shot by Brian McGrattan.
3:36 of 3rd period - Shot Misses the Net.
3:38 of 3rd period - Wrist shot by Steven Reinprecht.
3:38 of 3rd period - Shot Blocked by Ole-Kristian Tollefsen.
3:40 of 3rd period - Wrist shot by Ville Peltonen.
3:40 of 3rd period - Stopped by Ty Conklin without a rebound.
3:41 of 3rd period - Ryan Kesler wins face-off versus Derick Brassard in Sabres zone.
4:12 of 3rd period - Slapshot by Raffi Torres.
4:12 of 3rd period - Stopped by Ty Conklin with a rebound.
4:18 of 3rd period - Slapshot by Ted Purcell.
4:18 of 3rd period - Shot Misses the Net.
4:46 of 3rd period - Snap shot by Niclas Bergfors.
4:46 of 3rd period - Stopped by Brian Elliott with a rebound.
4:48 of 3rd period - Slapshot by Nathan Paetsch.
4:48 of 3rd period - Deflect By Ryan Kesler.
4:48 of 3rd period - Goal by Nathan Paetsch - Sabres : 3 - Penguins : 1.
4:49 of 3rd period - Darren Reid wins face-off versus Mats Sundin in neutral zone.
4:49 of 3rd period - Brooks Orpik is hit by Mats Sundin and loses puck.
4:56 of 3rd period - Wrist shot by Ryan Kesler.
4:56 of 3rd period - Deflect By Taylor Pyatt.
4:56 of 3rd period - Deflect By Steve Downie.
4:56 of 3rd period - Stopped by Ty Conklin with a rebound.
4:58 of 3rd period - Wrist shot by Steve Staios.
4:58 of 3rd period - Shot Blocked by Steve Downie.
5:02 of 3rd period - Snap shot by Darren Reid.
5:02 of 3rd period - Shot Misses the Net.
5:10 of 3rd period - Minor Penalty to Steve Downie for High sticking.
5:11 of 3rd period - Dominic Moore wins face-off versus Darren Reid in Sabres zone.
5:17 of 3rd period - Slapshot by Ryan Kesler.
5:17 of 3rd period - Stopped by Ty Conklin with a rebound.
5:49 of 3rd period - Slapshot by Brian McGrattan.
5:49 of 3rd period - Stopped by Ty Conklin with a rebound.
7:10 of 3rd period - Penalty to Steve Downie is over, Steve Downie is back on ice.
7:22 of 3rd period - Icing by Ladislav Smid.
7:23 of 3rd period - Steve Downie wins face-off versus Ted Purcell in Sabres zone.
7:23 of 3rd period - Steve Downie is hit by Ted Purcell.
7:33 of 3rd period - Snap shot by Niclas Bergfors.
7:33 of 3rd period - Deflect By James Neal.
7:33 of 3rd period - Goal by James Neal - Sabres : 4 - Penguins : 1.
7:34 of 3rd period - Ryan Kesler wins face-off versus Mats Sundin in neutral zone.
9:00 of 3rd period - Steven Reinprecht is hit by Nathan Paetsch and loses puck.
9:38 of 3rd period - Dominic Moore is hit by Ted Purcell.
9:53 of 3rd period - Snap shot by Steven Reinprecht.
9:53 of 3rd period - Stopped by Ty Conklin without a rebound.
9:54 of 3rd period - Steven Reinprecht wins face-off versus Derick Brassard in Sabres zone.
10:08 of 3rd period - Snap shot by Carlo Colaiacovo.
10:08 of 3rd period - Shot Misses the Net.
10:10 of 3rd period - Wrist shot by Ville Peltonen.
10:10 of 3rd period - Stopped by Ty Conklin without a rebound.
10:11 of 3rd period - Mats Sundin wins face-off versus Ryan Kesler in Sabres zone.
10:11 of 3rd period - Mats Sundin is hit by Taylor Pyatt.
11:12 of 3rd period - Snap shot by Denis Arkhipov.
11:12 of 3rd period - Stopped by Ty Conklin with a rebound.
11:21 of 3rd period - Icing by Nathan Paetsch.
11:22 of 3rd period - Ryan Kesler wins face-off versus Boyd Devereaux in Sabres zone.
11:23 of 3rd period - Slapshot by Darren Reid.
11:23 of 3rd period - Shot Blocked by Ladislav Smid.
11:33 of 3rd period - Snap shot by Boyd Devereaux.
11:33 of 3rd period - Stopped by Brian Elliott without a rebound.
11:34 of 3rd period - Ryan Kesler wins face-off versus Mats Sundin in Penguins zone.
12:15 of 3rd period - Minor Penalty to Ville Peltonen for Hooking.
12:16 of 3rd period - Derick Brassard wins face-off versus Ryan Kesler in Penguins zone.
14:05 of 3rd period - Brooks Orpik is hit by Craig Rivet and loses puck.
14:15 of 3rd period - Penalty to Ville Peltonen is over, Ville Peltonen is back on ice.
16:11 of 3rd period - Dainius Zubrus is hit by Steve Downie.
16:44 of 3rd period - Raffi Torres is hit by Boyd Devereaux and loses puck.
17:30 of 3rd period - Mats Sundin is hit by Mike Watt and loses puck.
17:35 of 3rd period - Wrist shot by Mike Watt.
17:35 of 3rd period - Shot Blocked by Steve Downie.
17:51 of 3rd period - Denis Arkhipov is hit by Dominic Moore and loses puck.
19:24 of 3rd period - Nathan Paetsch is hit by Ted Purcell and loses puck.
19:47 of 3rd period - Ville Peltonen is hit by Craig Rivet and loses puck.
Goals for this period are 2 for Sabres vs 0 for Penguins.
Shots for this period are 6 for Sabres vs 10 for Penguins.
Output by the SimonT Hockey Simulator (STHS) for François Prévost -- Original Page W3C XHTML 1.0 Valid